 Dungeon Crawl Stone Soup version 0.30-a0-556-g0a0f5a245f (webtiles) character file.

Game seed: 6590658303909175725

28 Bnni the Vexing (level 3, 0/26 HPs)
             Began as a Formicid Hexslinger on Dec 27, 2022.
             Slain by a goblin
             ... wielding a +0 dagger
             ... led by Robin
              (5 damage)
             ... on level 1 of the Dungeon.
             The game lasted 00:01:39 (795 turns).

Bnni the Vexing (Formicid Hexslinger)                Turns: 795, Time: 00:01:40

Health: 0/26       AC:  3    Str: 14    XL:     3   Next: 27%
Magic:  5/5        EV: 11    Int: 14    God:
Gold:   36         SH:  4    Dex: 14    Spells: 0/4 levels left

rFire   . . .      SeeInvis +    a - +1 sling
rCold   . . .      Faith    .    d - +0 buckler
rNeg    . . .      Spirit   .    c - +0 robe
rPois   .          Reflect  .    (helmet unavailable)
rElec   .          Harm     .    e - +0 cloak
rCorr   .          Rampage  .    (no gloves)
Will    .....                    (no boots)
Stlth   +                        (no amulet)
HPRegen 0.24/turn                (no ring)
MPRegen 0.09/turn                (no ring)

@: no status effects
A: permanent stasis, dig shafts and tunnels, antennae 3, four strong arms
a: Dig, Shaft Self


You were on level 1 of the Dungeon.
You visited 1 branch of the dungeon, and saw 2 of its levels.

You collected 36 gold pieces.

Inventory:

Hand Weapons
 a - a +1 sling (weapon)
Armour
 c - a +0 robe (worn)
 d - a +0 buckler (worn)
 e - a +0 cloak (worn)
Scrolls
 b - 2 scrolls of poison
 f - a scroll of enchant weapon {unknown}
Potions
 g - a potion of haste {unknown}
 h - a potion of curing {unknown}
 i - a potion of lignification {unknown}
 j - a potion of mutation {unknown}
 k - a potion of heal wounds {unknown}


   Skills:
 + Level 1.3 Fighting
 * Level 2.4 Ranged Weapons
 - Level 1.7 Dodging
 + Level 1.1 Shields
 + Level 1.4 Spellcasting
 * Level 4.1 Hexes
 + Level 0.5 Fire Magic


You couldn't memorise any spells.
You knew the following spells:

 Your Spells              Type           Power      Damage    Failure   Level
a - Slow                  Hex            48%        N/A       6%          1
b - Inner Flame           Hex/Fire       7%         N/A       34%         3

Your spell library contained the following spells:

 Spells                   Type           Power      Damage    Failure   Level
 Portal Projectile        Hex/Tloc       12%        N/A       38%         3
 Cause Fear               Hex            6%         N/A       50%         4


Dungeon Overview and Level Annotations

Branches:
Dungeon (2/15)

Altars:

Annotations:
D:2 Robin


Innate Abilities, Weirdness & Mutations

You cannot be hasted, slowed, berserked, paralysed or teleported.
You can dig through walls and to a lower floor.
You have a pair of large antennae on your head. (SInv)
Your four strong arms can wield two-handed weapons with a shield.


Message History

You see here a +0 spear.
There is an open door here.
There is a stone staircase leading down here.
You climb downwards.
The goblin shouts! x2; The hobgoblin shouts!
The gnoll shouts! x2
Robin shouts!
The hobgoblin shouts!
Found a scroll labelled DARROM DEIDE, 5 poisoned darts and 2 stones.
Found an escape hatch in the floor.
There is a stone staircase leading up here.
You shoot a sling bullet. The goblin shouts!
The sling bullet hits the rat!
You kill the rat!
You hear a shout! x2
A goblin comes into view. It is wielding a +0 dagger.
Robin roars a battlecry!
The goblins go into a battle-frenzy!
A goblin comes into view. It is wielding a +0 dagger.
You shoot a sling bullet. The goblin shouts!
The sling bullet hits the hobgoblin.
You kill the hobgoblin!
Robin throws the goblin at you!
A hobgoblin comes into view.
An adder comes into view.
You shoot a sling bullet. The adder hisses angrily.
The sling bullet hits the goblin.
The goblin is severely wounded.
You block the goblin's attack.
A gnoll comes into view. It is wielding a +0 halberd.
The goblin hits you with a +0 dagger. The hobgoblin barely misses you.
The gnoll shouts!
The gnoll hits you with a +0 whip! The goblin closely misses you.
The hobgoblin barely misses you. The goblin hits you but does no damage.
You climb upwards.
There is a stone staircase leading down here.
The gnoll attacks as you move away! The gnoll hits you with a +0 whip!
* * * LOW HITPOINT WARNING * * *
The goblin attacks as you move away! The goblin hits you with a +0 dagger.
You die...

##### #.......#
#...######.......#
#.......#........# ######
#.......#.....#### #....#
#.......#.....# ###....#
#.......#.....# #......#
#.......#.....# #
#.#....####.g....#.....# ##
##......(.##.g@...#.....## #.
##.'''''.#.#..g.g..#......# #.
#..'''''.#.#.......#......# #.
#..''_''.#.#.......###....# #.
#..'''''.#.#.####### #....# #.
#..'''''...#.#########....#####.
#.#.....##..........†...........
#.#..........#########....######
#.#.######.###### #....#


You could see a gnoll, a hobgoblin (strong) and 2 goblins.

Vanquished Creatures
  A dart slug (D:1)
  A ball python (D:1)
  An endoplasm (D:1)
  A giant cockroach (D:1)
  2 goblins (D:1)
  2 hobgoblins
  4 jackals (D:1)
  5 bats (D:1)
  2 kobolds (D:1)
  4 rats
23 creatures vanquished.

Notes
Turn   | Place    | Note
-------+----------+-------------------------------------------
     0 | D:1      | Bnni the Formicid Hexslinger began the quest for the Orb.
     0 | D:1      | Reached XP level 1. HP: 15/15 MP: 2/2
    47 | D:1      | Found a faded altar of an unknown god.
   112 | D:1      | Reached XP level 2. HP: 21/21 MP: 3/3
   278 | D:1      | Reached skill level 4 in Hexes
   314 | D:1      | Reached XP level 3. HP: 26/26 MP: 5/5
   318 | D:1      | Learned a level 3 spell: Inner Flame
   589 | D:1      | Reached skill level 1 in Shields
   789 | D:2      | Noticed Robin
   795 | D:1      | Slain by a goblin

Illustrated notes

Levels and vault maps discovered:
D:1:      mrwooster_arrival_statue, layout_basic, serial_glass, glass_columns_a,
          glass_columns_b, hellmonk_ecumenical_altar_heavens_door
D:2:      minmay_chambers_of_ones, layout_rooms, uniq_robin

Skill      XL: |  1  2  3 |
---------------+----------+-----
Hexes          | 4 |  4.1
Shields        | 1 |  1.1
Fighting       | |  1.3
Ranged Weapons | |  2.4
Dodging        | |  1.7
Spellcasting   | |  1.4
Fire Magic     | |  0.5

Action                   || total
-------------------------++-------
 Fire: Sling             ||    56
Armor: Robe              ||    11
Dodge: Dodged            ||     8
Block: Buckler           ||     5

Table legend: (Time is in decaauts)
 A = Elapsed time spent in this place.
 B = Non-inter-level travel time spent in this place.
 C = Inter-level travel time spent in this place.
 D = Time resting spent in this place.
 E = Time spent auto-exploring this place.
 F = Levels seen in this place.
 G = Mean time per level.
                   A        B        C        D        E       F      G
               +--------+--------+--------+--------+--------+-----+--------+
         Total |    813 |    765 |     48 |      0 |    617 |   2 |  406.5 |
       Dungeon |    813 |    765 |     48 |      0 |    617 |   2 |  406.5 |
               +--------+--------+--------+--------+--------+-----+--------+

Top non-repeatable levels by time:
     D:1: 808 daAuts
     D:2: 5 daAuts
